 Dungeon Crawl Stone Soup version 0.23-a0-164-g7711e57 (webtiles) character file.

111 Amnesiac the Chiller (level 4, -5/32 HPs)
             Began as a Mummy Ice Elementalist on Sept 9, 2018.
             Killed from afar by an orc wizard (8 damage)
             ... with a magic dart
             ... on level 3 of the Dungeon.
             The game lasted 00:02:36 (1338 turns).

Amnesiac the Chiller (Mummy Ice Elementalist)       Turns: 1338, Time: 00:02:37

Health: -5/32      AC:  3    Str: 11    XL:     4   Next: 62%
Magic:  6/9        EV: 12    Int: 15    God:
Gold:   19         SH:  0    Dex: 12    Spells: 6/10 levels left

rFire    x . .     SeeInvis .   f - +1 dagger (drain)
rCold    + . .     Gourm    .   (no shield)
rNeg     + + +     Faith    .   e - +0 leather armour
rPois    ∞         Spirit   .   (no helmet)
rElec    .         Reflect  .   (no cloak)
rCorr    .         Harm     .   (no gloves)
MR       .....                  (no boots)
Stlth    +.........             (no amulet)
HPRegen  0.10/turn              (no ring)
MPRegen  0.11/turn              (no ring)

@: confused
A: no food or potions, fire vulnerability, cold resistance 1, negative energy
resistance 3, torment resistance, unbreathing
a: no special abilities


You were on level 3 of the Dungeon.
You were not hungry.

You visited 1 branch of the dungeon, and saw 3 of its levels.

You collected 19 gold pieces.

Inventory:

Hand Weapons
 d - a +0 trident
 f - a +1 dagger of draining (weapon)
Armour
 e - a +0 leather armour (worn)
Scrolls
 a - a scroll of amnesia {!r, unknown}
 b - a scroll of teleportation {!r, unknown}
 c - a scroll of fear {!r, unknown}


   Skills:
 - Level 1.0 Fighting
 + Level 2.0 Dodging
 - Level 1.5 Stealth
 + Level 3.6 Spellcasting
   Level 0.7 Conjurations
 * Level 3.7 Ice Magic


You had 6 spell levels left.
You knew the following spells:

 Your Spells              Type           Power        Failure   Level  Hunger
a - Freeze                Ice            ##..         5%          1    N/A
z - Ozocubu's Armour      Chrm/Ice       #.......     34%         3    N/A

Your spell library contained the following spells:

 Spells                   Type           Power        Failure   Level  Hunger
 Throw Frost              Conj/Ice       #.....       14%         2    N/A
 Throw Icicle             Conj/Ice       #.......     67%         4    N/A
 Summon Ice Beast         Ice/Summ       #.......     75%         4    N/A

Dungeon Overview and Level Annotations

Branches:
Dungeon (3/15)

Altars:


Innate Abilities, Weirdness & Mutations

You do not eat or drink.
Your flesh is vulnerable to fire.
You are immune to poison.
Your flesh is cold resistant. (rC+)
You are immune to negative energy. (rN+++)
You are immune to unholy pain and torment.
You can survive without breathing.


Message History

Casting: Freeze (safe; 7% risk of failure)
Confirm with . or Enter, or press ? or * to list all spells.
You don't have enough magic to cast that spell.
Casting: Freeze (safe; 7% risk of failure)
Confirm with . or Enter, or press ? or * to list all spells.
You don't have enough magic to cast that spell.
Attack whom?
Press: ? - help, Dir - move target cursor, f/p - big kobold
Aim: a big kobold, wielding a dagger of draining (almost dead)
You reach to attack!
You hit the big kobold.
You kill the big kobold!
Your Dodging skill increases to level 2!
You have reached level 4!
You see here a dagger of draining.
f - a dagger of draining Wield which item (- for none, * to show all)? (? for menu, Esc to quit)
You sense an unholy aura.
f - a +1 dagger of draining (weapon)
You start resting.
An orc comes into view. It is wielding a falchion.
An orc is nearby!
You start resting.
Magic restored.
You start resting.
An orc wizard comes into view. It is wielding a dagger.
The orc wizard shouts!
The orc wizard gestures wildly while chanting.
The orc wizard flickers and vanishes!
Deactivating autopickup; reactivate with Ctrl-A.
You hear some strange, mumbled words.
A puff of flame appears from out of thin air!
The puff of flame hits you! The fire burns you terribly!
* * * LOW HITPOINT WARNING * * *
Something hits you but does no damage.
Casting: Freeze (safe; 5% risk of failure)
Confirm with . or Enter, or press ? or * to list all spells.
Aiming: Freeze (safe; 5% risk of failure)
Press: ? - help, Shift-Dir - straight line You freeze something.
Something hits you.
* * * LOW HITPOINT WARNING * * *
Casting: Freeze (safe; 5% risk of failure)
Confirm with . or Enter, or press ? or * to list all spells.
Aiming: Freeze (safe; 5% risk of failure)
Press: ? - help, Shift-Dir - straight line You freeze something.
Something hits you.
* * * LOW HITPOINT WARNING * * *
Casting: Freeze (safe; 5% risk of failure)
Confirm with . or Enter, or press ? or * to list all spells.
Aiming: Freeze (safe; 5% risk of failure)
Press: ? - help, Shift-Dir - straight line You freeze something.
You hear some strange, mumbled words.
You are confused.
You bump into the rock wall.
Something hits you but does no damage.
You're too confused!
You bump into the rock wall.
Something hits you but does no damage.
An orc comes into view. It is wielding a falchion.
You bump into the rock wall.
The orc shouts!
The orc throws a stone.
The stone hits you but does no damage.
You hear some strange, mumbled words.
A magic dart appears from out of thin air!
The magic dart hits you!
You die...

##..#.#.####.### .%. ##)##
#.....#........# #.# #....
##..#.######.#.# #.# #....
#..o........#.# #.# #..K.
#....########.# #.# ##'##
#.o...........#####.###..!.
#...###........[).....)....
#...# #.......#####.###..).
#...# #...@{..# #.# #....
#...# #######.#####.# #####
#...# #............# ##
#...#####...#.####### #≈
#.....#####.#.# #≈
#(.........<#.# #≈
#.###.#####.#.# ## #. #.#
#.#.# # #. #.# #.#.# #


You could see an orc.

Vanquished Creatures
  A big kobold (D:3)
  An ooze (D:3)
  2 leopard geckos
  4 orcs (D:3)
  5 bats
  A giant cockroach (D:2)
  2 goblins
  4 hobgoblins
  8 kobolds
  A quokka (D:2)
  A frilled lizard (D:2)
  2 rats (D:2)
32 creatures vanquished.

Notes
Turn   | Place    | Note
-------+----------+-------------------------------------------
     0 | D:1      | Amnesiac the Mummy Ice Elementalist began the quest for the
                  | Orb.
     0 | D:1      | Reached XP level 1. HP: 13/13 MP: 4/4
   225 | D:2      | Reached XP level 2. HP: 18/19 MP: 3/5
   621 | D:3      | Reached XP level 3. HP: 24/25 MP: 1/7
   669 | D:3      | Learned a level 3 spell: Ozocubu's Armour
   903 | D:3      | Reached skill level 1 in Fighting
  1164 | D:3      | Noticed a big kobold
  1240 | D:3      | Killed a big kobold
  1240 | D:3      | Reached XP level 4. HP: 7/32 MP: 1/9
  1338 | D:3      | Killed from afar by an orc wizard

Vault maps used:
D:1:      evilmike_arrival_plus, kennysheep_boxes
D:2:      marbit_many_paths
D:3:      cheibrodos_thug_alley, amethyst_overflow_temple_binary,
          lemuel_crystal_altar, minivault_25, minmay_misc_feat_ornament

Skill      XL: |  1  2  3 |
---------------+----------+-----
Ice Magic      | 3 |  3.7
Spellcasting   | 3 |  3.6
Fighting       | 1 |  1.0
Dodging        | 2 |  2.0
Stealth        | |  1.5
Conjurations   | |  0.7

Action                   |  1- 3 |  4- 6 || total
-------------------------+-------+-------++-------
Melee: Unarmed           |     1 |       ||     1
       Flail             |    16 |       ||    16
       Trident           |    14 |       ||    14
 Cast: Freeze            |    59 |     3 ||    62
  Use: Scroll            |     1 |       ||     1
Armor: Robe              |     3 |       ||     3
       Leather armour    |    12 |     2 ||    14
Dodge: Dodged            |    42 |       ||    42

Table legend:
 A = Non-vault XP
 B = Vault XP
 C = Vault XP percentage of total XP
 D = Non-vault monster count
 E = Vault monster count
 F = Vault count percentage of total count
                 A         B        C        D         E       F
            +---------+---------+-------+---------+---------+-------
      Total |      48 |     111 |  69.8 |      22 |      10 |  31.2
            +---------+---------+-------+---------+---------+-------
        D:2 |      20 |       0 |   0.0 |      11 |       0 |   0.0
        D:3 |      28 |     111 |  79.9 |      11 |      10 |  47.6
            +---------+---------+-------+---------+---------+-------
